 Dungeon Crawl Stone Soup version 0.29-a0-732-g3d7fbe0af2 (webtiles) character file.

Game seed: 6924882081432172698

9817 zeratav the Marksspriggan (level 11, -7/60 HPs)
             Began as a Spriggan Hunter on June 29, 2022.
             Shot with an arrow by Nessos (14 damage)
             ... on level 12 of the Dungeon.
             The game lasted 00:19:18 (13608 turns).

zeratav the Marksspriggan (Spriggan Hunter)        Turns: 13608, Time: 00:19:19

Health: -7/60      AC:  4    Str: 10 (12) XL:     11   Next: 28%
Magic:  12/12      EV: 29    Int:  9 (12) God:
Gold:   548        SH:  0    Dex: 21 (22) Spells: 10/10 levels left

rFire   . . .      SeeInvis +   B - +1 shortbow "Hucvos" {freeze, Str+5, bow}
rCold   . . .      Faith    .   (shield currently unavailable)
rNeg    . . .      Spirit   .   E - +2 robe {Will+}
rPois   .          Reflect  .   (helmet restricted)
rElec   .          Harm     .   (no cloak)
rCorr   .          Rampage  .   (gloves unavailable)
Will    +++..                   (boots unavailable)
Stlth   +++.......              (no amulet)
HPRegen 0.20/turn               u - ring of willpower
MPRegen 0.13/turn               x - +4 ring of evasion

@: lethally poisoned (-7 -> -36), very quick
A: very small, no large weapons, unfitting armour, see invisible, speed 3
a: no special abilities


You were on level 12 of the Dungeon.
You visited 1 branch of the dungeon, and saw 12 of its levels.

You collected 780 gold pieces.
You spent 232 gold pieces at shops.


Innate Abilities, Weirdness & Mutations

You are very small and have problems with some larger weapons.
You are too small for most types of armour.
You have supernaturally acute eyesight. (SInv)
You cover ground extremely quickly. (Speed+++)


   Skills:
 + Level 7.9 Fighting
 - Level 16.0 Ranged Weapons
 - Level 10.0 Dodging
 - Level 5.0 Stealth


You had 10 spell levels left.
You didn't know any spells.
Your spell library contained the following spells:

 Spells                   Type           Power      Damage    Failure   Level
 Apportation              Tloc           0%         N/A       38%         1
 Necrotize                Necr           0%         1d4       38%         1
 Summon Small Mammal      Summ           0%         N/A       38%         1
 Ensorcelled Hibernation  Hex/Ice        0%         N/A       52%         2
 Passwall                 Tmut/Erth      0%         N/A       52%         2
 Call Canine Familiar     Summ           0%         N/A       77%         3
 Gell's Gravitas          Tloc           0%         N/A       77%         3
 Lesser Beckoning         Tloc           0%         N/A       77%         3
 Summon Guardian Golem    Hex/Summ       0%         N/A       77%         3
 Swiftness                Air            0%         N/A       77%         3
 Teleport Other           Tloc           0%         N/A       77%         3
 Vampiric Draining        Necr           0%         2d6       77%         3
 Petrify                  Tmut/Erth      0%         N/A       99%         4
 Agony                    Necr           0%         N/A       100%        5
 Blade Hands              Tmut           0%         N/A       100%        5
 Irradiate                Conj/Tmut      0%         3d13      100%        5
 Metabolic Englaciation   Hex/Ice        0%         N/A       100%        5
 Statue Form              Tmut/Erth      0%         N/A       100%        6
 Dragon Form              Tmut           0%         N/A       100%        7

Inventory:

Hand Weapons
 w - a +2 dagger of flaming {short}
   (You took it off a goblin on level 4 of the Dungeon)
 B - the +1 shortbow "Hucvos" (weapon) {freeze, Str+5, bow}
   (You bought it in a shop on level 2 of the Dungeon)

   Any ammunition fired from it freezes those it strikes, dealing additional
   cold damage.
   It can also slow down cold-blooded creatures.
   Str:       It affects your strength (+5).
 L - the +7 long sword "Tiobbirph" {venom, rElec Will+, long}
   (You found it on level 12 of the Dungeon)

   It poisons the flesh of those it strikes.
   rElec:     It insulates you from electricity.
   Will:      It increases your willpower.
Missiles
 y - 7 curare-tipped darts {=fthrowing}
Armour
 E - a +2 robe of willpower (worn)
   (You took it off Psyche on level 8 of the Dungeon)
 G - +0 steam dragon scales
   (You found it on level 10 of the Dungeon)
 J - a +2 hat of stealth
   (You found it on level 11 of the Dungeon)
Jewellery
 u - a ring of willpower (left hand)
   (You found it on level 3 of the Dungeon)
 v - a +6 ring of intelligence
   (You found it on level 4 of the Dungeon)
 x - a +4 ring of evasion (right hand)
   (You found it on level 5 of the Dungeon)
 K - an amulet of magic regeneration {@e2}
   (You found it on level 11 of the Dungeon)
Wands
 a - a wand of light (8)
   (You found it on level 7 of the Dungeon)
 n - a wand of charming (8)
   (You found it on level 10 of the Dungeon)
 C - a wand of iceblast (16)
   (You found it on level 7 of the Dungeon)
Scrolls
 b - 2 scrolls of immolation {!r!r}
 d - 5 scrolls of teleportation {@r4}
 e - 4 scrolls of magic mapping {!r}
 h - a scroll of vulnerability {!r!r}
 i - 3 scrolls of enchant weapon
 k - 5 scrolls of enchant armour
 p - a scroll of fog
 z - 3 scrolls of blinking {!r}
 D - a scroll of brand weapon {unknown}
 H - 3 scrolls of torment {unknown}
 I - 3 scrolls of identify {@r1}
Potions
 c - 2 potions of flight {unknown}
 f - 2 potions of might {unknown}
 g - 4 potions of curing {unknown}
 j - 5 potions of heal wounds {@q2}
 l - 4 potions of degeneration {!q@e2}
 m - a potion of mutation {unknown}
 o - 2 potions of invisibility {unknown}
 q - a potion of resistance {unknown}
 r - 2 potions of cancellation {unknown}
 s - a potion of brilliance {unknown}
 t - 4 potions of attraction {unknown}
 A - a potion of ambrosia {unknown}
 F - a potion of magic {unknown}

Dungeon Overview and Level Annotations

Branches:
Dungeon (12/15) Zot: 26863    Lair (0/6) D:11            Orc (0/2) D:11
 Temple: D:4-7

Altars:
Fedhas
Wu Jian
Zin

Shops:
D:2 (   D:3 *   D:4 *[   D:5 ?

Annotations:
D:8 Gastronok
D:10 exclusion: downstairs
D:11 exclusion: boulder beetle
D:12 Nessos

#..................
#..................
#..################
#..# #..#
#..################
#>...............^.
#..................
#.@.......<........
#.#################
#.# #.# #.#
#c####### #........
#ยง####### #.#


You could see Nessos (fast).


Message History

You shoot an arrow.
The arrow hits the two-headed ogre but does no damage.
You shoot an arrow. The arrow hits the two-headed ogre.
The arrow freezes the two-headed ogre.
You shoot an arrow. The arrow hits the two-headed ogre.
The arrow freezes the two-headed ogre.
You shoot an arrow. The arrow hits the two-headed ogre.
The arrow freezes the two-headed ogre.
The howler monkey howls!
You see here a +0 chain mail.
The howler monkey hoots and howls with incredible vigour!
The howler monkey misses you.
You shoot an arrow. The arrow hits the howler monkey.
The arrow freezes the howler monkey.
Nessos the Markscentaur comes into view.
You shoot an arrow.
Nessos shouts!
The arrow hits the howler monkey.
The arrow freezes the howler monkey.
The howler monkey hoots and howls with incredible vigour!
Nessos wields a +3 longbow of flaming.
It bursts into flame!
Nessos shoots an arrow.
The arrow completely misses you.
You shoot an arrow. The arrow hits the howler monkey!
The arrow freezes the howler monkey.
You kill the howler monkey!
Nessos shoots an arrow.
The arrow closely misses you.
You shoot an arrow. The arrow hits the two-headed ogre.
The arrow freezes the two-headed ogre.
Nessos shoots an arrow.
The arrow closely misses you.
You shoot an arrow.
The arrow hits the two-headed ogre but does no damage.
Nessos shoots an arrow.
The arrow barely misses you.
You shoot an arrow. The arrow hits the two-headed ogre!
The arrow freezes the two-headed ogre.
You kill the two-headed ogre!
HP[+2]
You now have 60 max hp (+2).
Your hp is fully restored (60).
Nessos shoots an arrow.
The arrow completely misses you.
You shoot an arrow. The arrow hits Nessos.
The arrow freezes Nessos.
You shoot an arrow. The arrow barely misses Nessos.
Nessos shoots an arrow.
The arrow hits you! The arrow burns you.
You are poisoned.
HP[-12]
You take 12 damage, and now have 48/60 hp.
You shoot an arrow. The arrow hits Nessos.
The arrow freezes Nessos.
You feel very sick.
Nessos shoots an arrow.
The arrow completely misses you.
HP[-3]
You take 3 damage, and now have 45/60 hp.
You shoot an arrow.
The arrow hits Nessos but does no damage.
You feel very sick.
Nessos shoots an arrow.
The arrow completely misses you.
You shoot an arrow. The arrow completely misses Nessos.
You feel sick.
Nessos casts a spell.
Nessos seems to speed up.
HP[-4]
You take 4 damage, and now have 41/60 hp.
You shoot an arrow. The arrow hits Nessos.
The arrow freezes Nessos.
You feel sick.
Nessos shoots an arrow.
The arrow closely misses you.
Nessos shoots an arrow.
The arrow hits you!
* * * LOW HITPOINT WARNING * * *
The arrow burns you.
You are lethally poisoned!
* * * LOW HITPOINT WARNING * * *
HP[-25]
You take 25 damage, and now have 16/60 hp.
MASSIVE DAMAGE!! (PAUSE)
* * * LOW HITPOINT WARNING * * *
You feel very sick.
Nessos shoots an arrow.
The arrow completely misses you.
HP[-4]
You take 4 damage, and now have 12/60 hp.
* * * LOW HITPOINT WARNING * * *
You feel very sick.
Nessos shoots an arrow.
The arrow barely misses you.
HP[-4]
You take 4 damage, and now have 8/60 hp.
* * * LOW HITPOINT WARNING * * *
You feel very sick.
HP[-4]
You take 4 damage, and now have 4/60 hp.
It was a potion of heal wounds.
You feel much better.
You feel very sick.
Nessos shoots an arrow.
The arrow hits you!
* * * LOW HITPOINT WARNING * * *
The arrow burns you.
You are more poisoned.
* * * LOW HITPOINT WARNING * * *
Nessos gestures wildly while chanting.
Nessos blinks!
Nessos shoots an arrow.
The arrow completely misses you.
HP[+10]
You regained 10 hp, and now have 14/60 hp.
It was a potion of degeneration.
There was something very wrong with that liquid.
You feel weakened.
You feel dopey.
You feel clumsy.
* * * LOW HITPOINT WARNING * * *
You feel extremely sick.
Nessos pounds the earth with their hooves.
Nessos shoots an arrow.
The arrow hits you!
You die...

Skill      XL: |  1  2  3  4  5  6  7  8  9 10 11 |
---------------+----------------------------------+-----
Ranged Weapons | 5 6 7 8 10 11 14 16 | 16.0
Stealth        | 4 5 |  5.0
Dodging        | 5 10 | 10.0
Fighting       | 3 6 7 |  7.9

Action                   |  1- 3 |  4- 6 |  7- 9 | 10-12 || total
-------------------------+-------+-------+-------+-------++-------
 Fire: Shortbow          |    98 |   167 |   322 |   330 ||   917
Throw: Throwing net      |       |     1 |       |       ||     1
  Use: Scroll            |       |       |       |     7 ||     7
       Potion            |       |       |       |     2 ||     2
Armor: Robe              |     4 |     4 |     3 |       ||    11
Dodge: Dodged            |    41 |    26 |    83 |   111 ||   261

Levels and vault maps discovered:
D:1:      minmay_arrival_open_corners, layout_basic, serial_glass,
          glass_columns_a, glass_columns_a, glass_columns_b, glass_columns_b,
          glass_columns_c, glass_columns_a, glass_columns_a, glass_columns_c,
          glass_columns_a, glass_columns_a, due_unseen_surprise,
          minmay_strange_pillars, minmay_strange_pillars,
          ebering_ecumenical_altar_sacrificial, minmay_box_of_dots
D:2:      layout_loops_corners, serial_shops, shop_statue, st_stairs_14,
          uniq_natasha
D:3:      layout_basic, serial_corexii_hall, chequers_hall_statues_wall_a,
          chequers_hall_statues_y, chequers_hall_statues_corner_a,
          corexii_hall_statues_s, serial_shops, nicolae_shop_stone,
          dk_noncrumbling_4, minmay_crystal_water
D:4:      layout_basic, gammafunk_ghost_nasty_kobolds, glass_columns_a,
          chequers_arboretum, nicolae_wooded_promenade,
          chequers_serial_rivers_micro_a
D:5:      layout_loops_corners, minmay_temple_entry_from_below_a,
          ebering_ghost_inner_flame, serial_shops, shop, serial_glass,
          glass_columns_a, glass_columns_a
D:6:      layout_rooms, mainiacjoe_overflow_surrounded_room,
          mainiacjoe_overflow_catwalk_spiral, serial_co_window_serial,
          co_window_corner_a, co_window_of_opportunity_a, co_window_paths_a,
          co_window_paths_b, co_window_of_opportunity_a, co_window_paths_b,
          co_window_paths_b, co_window_broadway_b, co_window_of_opportunity_c,
          co_window_2corner, co_window_unsneaky_path_a,
          co_window_unsneaky_path_b, co_window_4corner_b, glass_columns_c,
          glass_columns_a, glass_columns_b, glass_columns_a
D:7:      layout_basic
D:8:      layout_basic, nicolae_fountain_basement, uniq_psyche, uniq_gastronok
D:9:      layout_small_grid, minmay_misc_feat_pillars
D:10:     layout_roguey, serial_corexii_hall, corexii_hall_statues_u,
          chequers_hall_statues_corner_a
D:11:     layout_loops_cross, lair_entry_dummy, david_orc_2
D:12:     layout_long_grid, serial_shops, nicolae_stop_n_shop_2, shop,
          uniq_nessos

Notes
Turn   | Place    | Note
-------+----------+-------------------------------------------
     0 | D:1      | zeratav the Spriggan Hunter began the quest for the Orb.
     0 | D:1      | Reached XP level 1. HP: 10/10 MP: 2/2
     0 | D:1      | magus.rc [v1.9.6]
   127 | D:1      | Reached skill level 5 in Ranged Weapons
   343 | D:1      | Reached XP level 2. HP: 14/14 MP: 3/3
   562 | D:1      | Found a faded altar of an unknown god.
   568 | D:1      | Reached skill level 6 in Ranged Weapons
   695 | D:1      | Reached XP level 3. HP: 18/18 MP: 4/4
  1399 | D:2      | You pick up a book of Burglary and begin reading...
  1399 | D:2      | You add the spells Passwall, Ensorcelled Hibernation and
                  | Swiftness to your library.
  1407 | D:2      | Found Qasora's Antique Weapon Shop.
  1482 | D:2      | Reached XP level 4. HP: 12/22 MP: 5/5
  1666 | D:2      | Reached skill level 7 in Ranged Weapons
  1864 | D:2      | Noticed Natasha
  1869 | D:2      | Killed Natasha
  2469 | D:2      | Noticed Natasha
  2480 | D:2      | HP: 2/22 [Natasha (6)]
  2830 | D:2      | Killed Natasha
  2831 | D:2      | Reached XP level 5. HP: 14/25 MP: 6/6
  2930 | D:2      | Noticed Natasha
  2932 | D:2      | Killed Natasha
  2933 | D:2      | Reached skill level 8 in Ranged Weapons
  2993 | D:3      | Found Gaekhlaem's Assorted Antiques.
  4077 | D:4      | Reached XP level 6. HP: 21/30 MP: 7/7
  4187 | D:4      | You pick up a book of Sloth and begin reading...
  4187 | D:4      | You add the spells Petrify, Metabolic Englaciation and
                  | Statue Form to your library.
  4238 | D:4      | Reached skill level 9 in Ranged Weapons
  4636 | D:4      | Reached skill level 10 in Ranged Weapons
  4671 | D:4      | Found Yliolosm's Armour Shoppe.
  4672 | D:4      | Found Egezilimea's General Store.
  4752 | D:4      | Found a runed translucent gate.
  4752 | D:4      | Found a runed translucent gate.
  4752 | D:4      | Found a runed translucent gate.
  4753 | D:4      | Noticed dolemite99's ghost (amateur GrHu)
  4996 | D:4      | Killed dolemite99's ghost
  4997 | D:4      | Reached skill level 4 in Stealth
  4997 | D:4      | Reached XP level 7. HP: 33/33 MP: 8/8
  5009 | D:4      | Reached skill level 5 in Stealth
  5188 | D:5      | Entered Level 5 of the Dungeon
  5233 | D:5      | Found Biymoipp's Magic Scroll Shoppe.
  5553 | D:5      | Found a runed translucent door.
  5569 | D:5      | Noticed an unseen horror
  5942 | D:5      | Noticed math4jedi's ghost (novice HOFi)
  6179 | D:2      | Bought a twisted shortbow for 232 gold pieces
  6179 | D:2      | Identified the +1 shortbow "Hucvos" {freeze, Str+5} (You
                  | bought it in a shop on level 2 of the Dungeon)
  6280 | D:6      | Reached skill level 11 in Ranged Weapons
  6647 | D:6      | Reached XP level 8. HP: 30/37 MP: 9/9
  6774 | D:6      | Reached skill level 12 in Ranged Weapons
  6853 | D:6      | Found a glowing silver altar of Zin.
  6856 | D:6      | Found a blossoming altar of Fedhas.
  6868 | D:6      | Found an ornate altar of the Wu Jian Council.
  7197 | D:6      | You pick up a book of Displacement and begin reading...
  7197 | D:6      | You add the spells Lesser Beckoning, Gell's Gravitas and
                  | Teleport Other to your library.
  7283 | D:6      | Reached skill level 13 in Ranged Weapons
  7311 | D:6      | Reached skill level 14 in Ranged Weapons
  7329 | D:6      | Reached XP level 9. HP: 20/41 MP: 10/10
  8279 | D:7      | Reached skill level 15 in Ranged Weapons
  8722 | D:7      | You pick up a book of Cantrips and begin reading...
  8722 | D:7      | You add the spells Necrotize, Summon Small Mammal and
                  | Apportation to your library.
  8919 | D:8      | Reached skill level 16 in Ranged Weapons
  8919 | D:8      | Reached skill level 3 in Dodging
  9046 | D:8      | Reached skill level 2 in Fighting
  9051 | D:8      | You pick up a book of Callings and begin reading...
  9051 | D:8      | You add the spells Call Canine Familiar and Summon Guardian
                  | Golem to your library.
  9118 | D:8      | Noticed Gastronok
  9247 | D:8      | Noticed Psyche
  9250 | D:8      | Killed Psyche
  9251 | D:8      | Reached skill level 4 in Dodging
  9298 | D:8      | Reached skill level 3 in Fighting
  9301 | D:8      | Reached skill level 5 in Dodging
  9472 | D:8      | Reached XP level 10. HP: 49/49 MP: 11/11
  9695 | D:9      | Reached skill level 6 in Dodging
  9902 | D:9      | Identified the +0 scale mail "Niniusu" {Will+ Regen+ Dex+4}
 10066 | D:9      | Reached skill level 4 in Fighting
 10485 | D:10     | Entered Level 10 of the Dungeon
 10701 | D:10     | Reached skill level 7 in Dodging
 11516 | D:10     | Reached skill level 5 in Fighting
 11516 | D:10     | Reached skill level 8 in Dodging
 11622 | D:11     | Noticed a boulder beetle
 11680 | D:11     | Noticed a two-headed ogre
 11802 | D:10     | Killed a two-headed ogre
 11803 | D:10     | Reached skill level 6 in Fighting
 11803 | D:10     | Reached skill level 9 in Dodging
 12017 | D:11     | Reached skill level 10 in Dodging
 12500 | D:5      | Reached XP level 11. HP: 57/58 MP: 12/12
 12561 | D:5      | Killed math4jedi's ghost
 12867 | D:11     | You pick up a book of Transfigurations {@e2} and begin
                  | reading...
 12867 | D:11     | You add the spells Irradiate, Blade Hands and Dragon Form
                  | to your library.
 12903 | D:11     | Found a staircase to the Orcish Mines.
 12903 | D:11     | Noticed a two-headed ogre
 12960 | D:11     | Killed a two-headed ogre
 12961 | D:11     | Reached skill level 7 in Fighting
 13078 | D:11     | You pick up a book of Necromancy and begin reading...
 13078 | D:11     | You add the spells Vampiric Draining and Agony to your
                  | library.
 13160 | D:11     | Found a staircase to the Lair.
 13498 | D:12     | Identified the +7 long sword "Tiobbirph" {venom, rElec
                  | Will+}
 13543 | D:12     | Noticed a two-headed ogre
 13584 | D:12     | Noticed Nessos
 13589 | D:12     | Killed a two-headed ogre
 13604 | D:12     | HP: 12/60 [poisoned by Nessos]
 13606 | D:12     | HP: 4/60 [poisoned by Nessos]
 13608 | D:12     | Shot with an arrow by Nessos

Vanquished Creatures
  3 two-headed ogres
  The ghost of math4jedi the Poker, a novice HOFi of Qazlal (D:5)
  An unseen horror (D:5)
  Psyche (D:8)
  A troll (D:12)
  2 hornets
  2 shadows
  A wraith (D:10)
  A wyvern (D:11)
  A vampire (D:10)
  9 yaks
  6 vampire mosquitoes (D:10)
  2 steam dragons
  The ghost of dolemite99 the Shooter, an amateur GrHu of Ashenzari (D:4)
  A water moccasin (D:7)
  3 orc warriors
  2 black bears
  An ice beast (D:6)
  A phantom (D:4)
  2 kobold brigands
  2 centaurs (D:6)
  5 bullfrogs
  A gnoll sergeant (D:6)
  8 wights (D:7)
  10 killer bees
  7 howler monkeys
  5 orc priests
  A hound (D:6)
  3 jellies
  5 iguanas
  10 orc wizards
  Natasha (thrice) (D:2)
  9 gnolls
  6 adders
  2 ufetubi
  3 dart slugs
  33 orcs
  6 ball pythons
  7 endoplasms
  9 giant cockroaches
  8 goblins
  4 hobgoblins
  A jackal (D:1)
  2 quokkas (D:2)
  6 bats
  4 frilled lizards
  16 kobolds
  5 rats
223 creatures vanquished.

Vanquished Creatures (others)
  3 fungi (D:4)
  A plant (D:4)
4 creatures vanquished.

Grand Total: 227 creatures vanquished

Table legend:
 A = Non-vault XP
 B = Vault XP
 C = Vault XP percentage of total XP
 D = Non-vault monster count
 E = Vault monster count
 F = Vault count percentage of total count
                 A         B        C        D         E       F
            +---------+---------+-------+---------+---------+-------
      Total |   12396 |    1629 |  11.6 |     198 |      25 |  11.2
            +---------+---------+-------+---------+---------+-------
        D:1 |      56 |       8 |  12.5 |      26 |       3 |  10.3
        D:2 |     162 |      39 |  19.4 |      20 |       3 |  13.0
        D:3 |      45 |       0 |   0.0 |      10 |       0 |   0.0
        D:4 |     380 |     270 |  41.5 |      14 |      10 |  41.7
        D:5 |     293 |     810 |  73.4 |       9 |       2 |  18.2
        D:6 |    1857 |       0 |   0.0 |      26 |       0 |   0.0
        D:7 |     960 |       0 |   0.0 |      23 |       0 |   0.0
        D:8 |    1166 |     358 |  23.5 |      18 |       1 |   5.3
        D:9 |    1097 |       0 |   0.0 |      19 |       0 |   0.0
       D:10 |    2960 |       0 |   0.0 |      20 |       0 |   0.0
       D:11 |    2144 |     144 |   6.3 |       8 |       6 |  42.9
       D:12 |    1276 |       0 |   0.0 |       5 |       0 |   0.0
            +---------+---------+-------+---------+---------+-------

Illustrated notes

Table legend:
 A = Kills in this place as a percentage of kills in entire the game.
 B = Kills by you in this place as a percentage of kills by you in the entire game.
 C = Kills by friends in this place as a percentage of kills by friends in the entire game.
 D = Other kills in this place as a percentage of other kills in the entire game.
 E = Experience gained in this place as a percentage of experience gained in the entire game.
 F = Experience gained in this place divided by the number of levels of this place that you have seen.
                   A       B       C       D       E      F
               +-------+-------+-------+-------+-------+----------------------
         Total | 100.0 | 100.0 |   N/A |   N/A | 100.0 | 1168.8
       Dungeon | 100.0 | 100.0 |   N/A |   N/A | 100.0 | 1168.8
               +-------+-------+-------+-------+-------+----------------------

Table legend: (Time is in decaauts)
 A = Elapsed time spent in this place.
 B = Non-inter-level travel time spent in this place.
 C = Inter-level travel time spent in this place.
 D = Time resting spent in this place.
 E = Time spent auto-exploring this place.
 F = Levels seen in this place.
 G = Mean time per level.
                   A        B        C        D        E       F      G
               +--------+--------+--------+--------+--------+-----+--------+
         Total |   9656 |   9019 |    637 |   1803 |   5628 |  12 |  804.7 |
       Dungeon |   9656 |   9019 |    637 |   1803 |   5628 |  12 |  804.7 |
               +--------+--------+--------+--------+--------+-----+--------+

Top non-repeatable levels by time:
     D:1: 1407 daAuts
     D:6: 1051 daAuts
     D:2: 989 daAuts
    D:10: 987 daAuts
     D:5: 966 daAuts
     D:4: 824 daAuts
    D:11: 744 daAuts
     D:3: 737 daAuts
     D:9: 692 daAuts
     D:7: 629 daAuts
     D:8: 489 daAuts
    D:12: 135 daAuts
